 Dungeon Crawl Stone Soup version 0.17.0-8-gb983d21 (console) character file.

56 2d6 the Skirmisher (level 3, -1/31 HPs)
             Began as a Draconian Skald on Nov 8, 2015.
             Was an Initiate of Nemelex Xobeh.
             Slain by Terence
             ... wielding a +0 mace
              (5 damage)
             ... on level 2 of the Dungeon.
             The game lasted 00:09:39 (1498 turns).

2d6 the Skirmisher (Draconian Skald)                Turns: 1498, Time: 00:09:40

Health: -1/31      AC:  5    Str: 15    XL:     3   Next: 69%
Magic:  1/6        EV: 12    Int: 12    God:    Nemelex Xobeh [......]
Gold:   47         SH:  0    Dex: 10    Spells: 2 memorised, 3 levels left

rFire  . . .     SeeInvis .     a - +0 hand axe
rCold  . . .     Clarity  .     (armour unavailable)
rNeg   . . .     SustAt   .     (no shield)
rPois  .         Gourm    .     (helmet restricted)
rElec  .         Spirit   .     (no cloak)
rCorr  .         Warding  .     (no gloves)
rMut   .         Stasis   .     (no boots)
MR     .....                    (no amulet)
Stlth  +++.......               (no ring)
                                (no ring)

@: especially stealthy, infused (expiring), not resistant to hostile
enchantments, fairly stealthy
A: unfitting armour, cold-blooded, AC +5
a: Renounce Religion


You were on level 2 of the Dungeon.
You worshipped Nemelex Xobeh.
Nemelex Xobeh was noncommittal.
You were not hungry.

You visited 1 branch of the dungeon, and saw 2 of its levels.

You collected 47 gold pieces.

Inventory:

Hand Weapons
 a - a +0 hand axe (weapon)
 d - a +0 hunting sling
 k - a +0 short sword
Missiles
 j - 19 steel sling bullets
 l - 16 stones (quivered)
Scrolls
 e - a scroll of remove curse
Potions
 f - a potion of magic {unknown}
 g - a potion of ambrosia {unknown}
 i - a potion of cancellation {unknown}
 m - a potion of flight
 n - a potion of haste {unknown}
 o - a potion of beneficial mutation {unknown}
Books
 b - a book of Battle

   Spells                             Type                      Level
   a - Infusion                       Charms                       1
   b - Shroud of Golubria             Charms/Translocation         2
   c - Song of Slaying                Charms                       2
   d - Spectral Weapon                Hexes/Charms                 3
   e - Regeneration                   Charms/Necromancy            3
Miscellaneous
 h - a plain deck of war {drawn: 3}
Comestibles
 c - 2 bread rations


   Skills:
 - Level 3.2 Fighting
 + Level 2.0 Axes
 + Level 1.7 Dodging
 + Level 2.4 Spellcasting
 - Level 3.0 Charms
 + Level 0.8 Evocations


You had 3 spell levels left.
You knew the following spells:

 Your Spells              Type           Power        Failure   Level  Hunger
a - Infusion              Chrm           #.....       10%         1    ##.....
b - Shroud of Golubria    Chrm/Tloc      #.........   21%         2    ###....


Dungeon Overview and Level Annotations

Branches:
Dungeon (2/15)

Altars:
Nemelex Xobeh

Annotations:
D:2 Terence


Innate Abilities, Weirdness & Mutations

Your plain brown scales are hard (AC +5).
Your body does not fit into most forms of armour.
You are cold-blooded and may be slowed by cold attacks.


Message History

Terence is severely wounded.
Terence hits you with a mace.
* * * LOW HITPOINT WARNING * * *
Evoke which item? (* to show all) (? for menu, Esc to quit)
You draw a card...
It is the Shadow.
You feel stealthy. Terence hits you but does no damage.
Evoke which item? (* to show all) (? for menu, Esc to quit)
You draw a card...
It is the Shadow.
You feel more catlike.
Your magical infusion is running out.
You completely miss Terence.
Terence is severely wounded.
Terence hits you but does no damage.
You barely miss Terence.
Terence is severely wounded.
Terence closely misses you.
You hit Terence but do no damage.
Terence is severely wounded.
Terence hits you with a mace.
You die...
Your body disappears without a glow.

#.....†.........##
#................#
#...................
#...>...........#.##
#.....÷.........#.[.
#......†........####
#......#..........
##.....##@..#.....
####...@...#...@.
##............
#.##.........
###.##.........
#........>.....
#........#.....
###..@.....#.....
........<..#.....
................. .


You could see Terence.

Vanquished Creatures
  An adder (D:2)
  An ooze (D:1)
  A giant gecko (D:2)
  2 bats
  4 giant cockroaches
  4 goblins
  2 hobgoblins (D:1)
  7 jackals (D:1)
  A quokka (D:2)
  A giant newt (D:1)
  7 kobolds
  7 rats (D:1)
38 creatures vanquished.

Notes
Turn   | Place    | Note
--------------------------------------------------------------
     0 | D:1      | 2d6 the Draconian Skald began the quest for the Orb.
     0 | D:1      | Reached XP level 1. HP: 17/17 MP: 3/3
   176 | D:1      | Reached skill level 3 in Charms
   258 | D:1      | Reached XP level 2. HP: 18/25 MP: 5/5
   668 | D:1      | Found a sparkling altar of Nemelex Xobeh.
   676 | D:1      | Became a worshipper of Nemelex Xobeh the Trickster
   834 | D:1      | Reached XP level 3. HP: 27/30 MP: 6/6
  1014 | D:2      | Noticed Terence
  1044 | D:2      | Received a gift from Nemelex Xobeh
  1350 | D:2      | Learned a level 2 spell: Shroud of Golubria
  1498 | D:2      | Slain by Terence

Action                   || total
-------------------------++-------
Melee: Hand axe          ||   165
 Cast: Shroud of Golubri ||     2
       Infusion          ||     2
Evoke: Deck              ||     3
  Use: Scroll            ||     2
  Eat: Chunk             ||     2
